 Dungeon Crawl Stone Soup version 0.21.1-1-g345015f (webtiles) character file.

51 tidbits the Grave Robber (level 3, -1/25 HPs)
             Began as a Gnoll Necromancer on June 17, 2018.
             Slain by a hound (2 damage)
             ... on level 3 of the Dungeon.
             The game lasted 00:03:08 (346 turns).

tidbits the Grave Robber (Gnoll Necromancer)         Turns: 346, Time: 00:03:09

Health: -1/25      AC:  2    Str: 10    XL:     3   Next: 81%
Magic:  7/9        EV: 14    Int: 18    God:
Gold:   62         SH:  0    Dex: 15    Spells: 4/12 levels left

rFire    + . .     SeeInvis .   a - +0 dagger (venom)
rCold    . . .     Gourm    .   (no shield)
rNeg     . . .     Faith    .   f - +0 robe
rPois    .         Spirit   .   (no helmet)
rElec    .         Reflect  .   (no cloak)
rCorr    .         Harm     .   (no gloves)
MR       .....                  (no boots)
Stlth    ++++......             (no amulet)
HPRegen  0.08/turn              g - ring of stealth
MPRegen  0.11/turn              d - ring of protection from fire

@: no status effects
A: distributed training, fangs 1, strong nose
a: no special abilities


You were on level 3 of the Dungeon.
You were not hungry.

You visited 1 branch of the dungeon, and saw 3 of its levels.

You collected 62 gold pieces.

Inventory:

Hand Weapons
 a - a +0 dagger of venom (weapon)
   (You found it on level 1 of the Dungeon)
 l - a +0 mace
 n - a +0 dagger
Missiles
 h - 14 arrows
Armour
 f - a +0 robe (worn)
Jewellery
 d - a ring of protection from fire (right hand)
   (You found it on level 2 of the Dungeon)
 g - a ring of stealth (left hand)
   (You found it on level 1 of the Dungeon)
Scrolls
 i - a scroll of identify
 j - a scroll of enchant armour
 k - a scroll of magic mapping
Potions
 e - a potion of resistance
 m - a potion of might {unknown}
 o - a potion of mutation {unknown}
 p - a potion of agility {unknown}
Books
 b - a book of Necromancy

   Spells                             Type                      Level
   a - Pain                           Necromancy                   1
   b - Animate Skeleton               Necromancy                   1
   c - Vampiric Draining              Necromancy                   3
   d - Regeneration                   Charms/Necromancy            3
   e - Animate Dead                   Necromancy                   4
   f - Borgnjor's Vile Clutch         Necromancy/Earth             5
Comestibles
 c - 2 rations


   Skills:
 + Level 0.9 Fighting
 + Level 0.9 Short Blades
 + Level 0.9 Long Blades
 + Level 0.9 Axes
 + Level 0.9 Maces & Flails
 + Level 0.9 Polearms
 + Level 0.9 Staves
 + Level 0.9 Slings
 + Level 0.9 Bows
 + Level 0.9 Crossbows
 + Level 0.9 Throwing
 + Level 0.9 Armour
 + Level 4.5 Dodging
 + Level 4.2 Stealth
 + Level 0.9 Shields
 + Level 0.9 Unarmed Combat
 + Level 5.0 Spellcasting
 + Level 0.6 Conjurations
 + Level 0.6 Hexes
 + Level 0.6 Charms
 + Level 0.6 Summonings
 + Level 7.1 Necromancy
 + Level 0.6 Translocations
 + Level 0.6 Transmutations
 + Level 0.6 Fire Magic
 + Level 0.6 Ice Magic
 + Level 0.6 Air Magic
 + Level 0.6 Earth Magic
 + Level 0.6 Poison Magic
 + Level 1.0 Invocations
 + Level 0.9 Evocations


You had 4 spell levels left.
You knew the following spells:

 Your Spells              Type           Power        Failure   Level  Hunger
a - Pain                  Necr           ####         1%          1    None
d - Vampiric Draining     Necr           ####......   1%          3    ##.....
n - Animate Skeleton      Necr           N/A          1%          1    None
r - Regeneration          Chrm/Necr      ###.......   9%          3    ##.....


Dungeon Overview and Level Annotations

Branches:
Dungeon (3/15)

Altars:


Innate Abilities, Weirdness & Mutations

Your experience applies equally to all skills.
You have very sharp teeth.
Your uncanny sense of smell can sniff out nearby items.


Message History

A rat comes into view.
The helpless adder fails to defend itself.
You puncture the adder!
You kill the adder!
Your Invocations skill increases to level 1!
Casting: Pain
Confirm with . or Enter, or press ? or * to list all spells.
Aiming: Pain
Press: ? - help, Shift-Dir - straight line, f - goblin
Aim: a goblin (chance to defeat MR: 93%)
The goblin writhes in agony!
Casting: Pain
Confirm with . or Enter, or press ? or * to list all spells.
Aiming: Pain
Press: ? - help, Shift-Dir - straight line, f/p - goblin
Aim: a goblin (severely wounded, chance to defeat MR: 93%)
The goblin writhes in agony!
You kill the goblin!
You see here 9 gold pieces.
You now have 47 gold pieces (gained 9).
You see here 9 gold pieces.
You now have 56 gold pieces (gained 9).
Found a bubbling brown potion and 6 gold pieces.
You hit the rat but do no damage.
The rat is poisoned.
You bite the rat, but do no damage.
You kill the rat!
Found a scroll of identify.
You see here a scroll of identify.
n - a scroll of identify Adjust (i)tems, (s)pells, or (a)bilities?
Adjust which item? (? for menu, Esc to quit)
n - a scroll of identify Adjust to which letter? (? for menu, Esc to quit)
i - a scroll of identify;
n - a +0 dagger
Found 26 stones.
A rat comes into view.
Found 16 gold pieces.
Found a stone staircase leading down.
Found a whip.
Casting: Pain
Confirm with . or Enter, or press ? or * to list all spells.
Aiming: Pain
Press: ? - help, Shift-Dir - straight line, f - rat
Aim: a rat (chance to defeat MR: 93%)
The rat writhes in agony!
You kill the rat!
A goblin comes into view. It is wielding a dagger.
Found a yellow potion.
The goblin shouts!
You see here a bubbling brown potion.
o - a bubbling brown potion
Casting: Pain
Confirm with . or Enter, or press ? or * to list all spells.
Aiming: Pain
Press: ? - help, Shift-Dir - straight line, f - goblin
Aim: a goblin, wielding a dagger (chance to defeat MR: 93%)
The goblin writhes in agony!
You kill the goblin!
You see here 6 gold pieces.
You now have 62 gold pieces (gained 6).
You see here a yellow potion.
p - a yellow potion A hobgoblin comes into view.
It is wielding a club.
There is a stone staircase leading down here.
The helpless hobgoblin fails to defend itself.
You puncture the hobgoblin!
You kill the hobgoblin!
There is a stone staircase leading down here.
You climb downwards.
A ball python and a hound come into view.
The hound barks!
The ball python hisses angrily.
Found 12 gold pieces, a ration and a scroll labeled LAEMEERREK.
There is a stone staircase leading up here.
A goblin comes into view. It is wielding a dagger.
The hound bites you.
* * * LOW HITPOINT WARNING * * *
You miss the hound. Your bite misses the hound. The hound bites you.
* * * LOW HITPOINT WARNING * * *
You completely miss the hound. The hound barely misses you.
The hound misses you.
You barely miss the hound. Your bite misses the hound.
The hound bites you but does no damage.
You hit the hound but do no damage.
The hound is poisoned.
Your bite misses the hound. The hound bites you but does no damage.
The hound bites you.
* * * LOW HITPOINT WARNING * * *
Casting: Pain
Confirm with . or Enter, or press ? or * to list all spells.
Aiming: Pain
Press: ? - help, Shift-Dir - straight line, f - hound
Aim: a hound (poisoned, chance to defeat MR: 89%)
The hound writhes in agony!
The hound closely misses you.
Casting: Pain
Confirm with . or Enter, or press ? or * to list all spells.
Aiming: Pain
Press: ? - help, Shift-Dir - straight line, f/p - hound
Aim: a hound (heavily wounded, poisoned, chance to defeat MR: 89%)
The hound writhes in agony!
The hound closely misses you. The goblin barely misses you.
The hound bites you.
You die...

##...# ....#
####...# ......#
#....# #....#
#....#
###.#....##########
.......<.Sh@g......
.....#....#########
............. ∆
...%......$...#
...............
......?.......#
............... ∆
#####.........#.


You could see a hound, a goblin and a ball python.

Vanquished Creatures
  A gnoll (D:1)
  An adder (D:2)
  An ooze (D:1)
  2 dart slugs
  A ball python (D:1)
  A giant cockroach (D:1)
  5 goblins
  4 hobgoblins
  A quokka (D:2)
  A bat (D:1)
  A frilled lizard (D:1)
  A kobold (D:1)
  4 rats
24 creatures vanquished.

Notes
Turn   | Place    | Note
-------+----------+-------------------------------------------
     0 | D:1      | tidbits the Gnoll Necromancer began the quest for the Orb.
     0 | D:1      | Reached XP level 1. HP: 13/13 MP: 6/6
    85 | D:1      | Reached XP level 2. HP: 12/19 MP: 3/7
    89 | D:1      | Learned a level 1 spell: Animate Skeleton
   164 | D:1      | Reached skill level 5 in Spellcasting
   164 | D:1      | Reached XP level 3. HP: 7/25 MP: 1/9
   169 | D:1      | Learned a level 3 spell: Vampiric Draining
   173 | D:1      | Learned a level 3 spell: Regeneration
   269 | D:2      | Reached skill level 1 in Invocations
   344 | D:3      | HP: 2/25 [hound (5)]
   346 | D:3      | Slain by a hound

Skill      XL: |  1  2  3 |
---------------+----------+-----
Spellcasting   | 5 |  5.0
Invocations    | 1 |  1.0
Fighting       | |  0.9
Short Blades   | |  0.9
Long Blades    | |  0.9
Axes           | |  0.9
Maces & Flails | |  0.9
Polearms       | |  0.9
Staves         | |  0.9
Slings         | |  0.9
Bows           | |  0.9
Crossbows      | |  0.9
Throwing       | |  0.9
Armour         | |  0.9
Dodging        | |  4.5
Stealth        | |  4.2
Shields        | |  0.9
Unarmed Combat | |  0.9
Conjurations   | |  0.6
Hexes          | |  0.6
Charms         | |  0.6
Summonings     | |  0.6
Necromancy     | |  7.1
Translocations | |  0.6
Transmutations | |  0.6
Fire Magic     | |  0.6
Ice Magic      | |  0.6
Air Magic      | |  0.6
Earth Magic    | |  0.6
Poison Magic   | |  0.6
Evocations     | |  0.9

Action                   || total
-------------------------++-------
Melee: Mace              ||     5
       Bite              ||     3
       Dagger            ||     9
 Cast: Pain              ||    30
  Use: Scroll            ||     3
 Stab: Sleeping          ||     4
Armor: Robe              ||     5
Dodge: Dodged            ||    12

Table legend:
 A = Turns spent in this place as a percentage of turns spent in the entire game.
 B = Non-inter-level travel turns spent in this place as a percentage of non-inter-level travel turns spent in the entire game.
 C = Inter-level travel turns spent in this place as a percentage of turns spent in this place.
 D = Turns resting spent in this place as a percentage of non-inter-level travel turns spent in this place.
 E = Turns spent auto-exploring this place as a percentage of non-inter-level travel turns spent in this place.
 F = Non-inter-level travel turns spent in this place divided by the number of levels of this place that you've seen.
                   A       B       C       D       E      F
               +-------+-------+-------+-------+-------+----------------------
         Total | 100.0 | 100.0 |   0.0 |   0.0 |   0.0 | 115.3
       Dungeon | 100.0 | 100.0 |   0.0 |   0.0 |   0.0 | 115.3
               +-------+-------+-------+-------+-------+----------------------

Table legend:
 A = Kills in this place as a percentage of kills in entire the game.
 B = Kills by you in this place as a percentage of kills by you in the entire game.
 C = Kills by friends in this place as a percentage of kills by friends in the entire game.
 D = Other kills in this place as a percentage of other kills in the entire game.
 E = Experience gained in this place as a percentage of experience gained in the entire game.
 F = Experience gained in this place divided by the number of levels of this place that you have seen.
                   A       B       C       D       E      F
               +-------+-------+-------+-------+-------+----------------------
         Total | 100.0 | 100.0 |   N/A |   N/A | 100.0 |  24.3
       Dungeon | 100.0 | 100.0 |   N/A |   N/A | 100.0 |  24.3
               +-------+-------+-------+-------+-------+----------------------

Vault maps used:
D:1:      dpeg_arrival_another_circle, minmay_tripent
D:2:      uniq_jessica, uniq_sigmund
D:3:      first_ration, grunt_ministairs_13, uniq_crazy_yiuf_cottage
